PBL
SAN DIEGO PADRES @ LOS ANGELES DODGERS
08/20/2070
 
TOP OF THE 1ST
San Diego Padres batting - Pitching for Los Angeles Dodgers : RHP Bo Miller
Pitching: RHP Bo Miller
Batting: SHB Yusuke Tanaka 0-0: Called Strike
0-1: Foul Ball, location: 25FF
0-2: Foul Ball, location: 2F
0-2: Ball
1-2: Ball
2-2: Ball
3-2: Strikes out swinging
Batting: LHB Wook-jin Ki 0-0: Called Strike
0-1: Swinging Strike
0-2: Foul Ball, location: 3F
0-2: Ball
1-2: Ball
2-2: Strikes out looking
Batting: RHB Jorge Gonzáles 0-0: Ball
1-0: Called Strike
1-1: Foul Ball, location: 2F
1-2: Fly out, F8 (Flyball, 8LS, EV 91.3 MPH)
Top of the 1st over - 0 runs, 0 hits, 0 errors, 0 left on base; San Diego 0 - Los Angeles 0
BOTTOM OF THE 1ST
Los Angeles Dodgers batting - Pitching for San Diego Padres : RHP Roberto Campos
Pitching: RHP Roberto Campos
Batting: RHB Andrés Ortíz 0-0: Ball
1-0: Ball
2-0: Ball
3-0: Base on Balls
Batting: LHB Bradley Richards 0-0: Called Strike
0-1: Fielders Choice at 2nd, 3-6 (Groundball, 3, EV 91.3 MPH)
Batting: LHB Bill McMillan 0-0: Called Strike
0-1: Ball
1-1: Called Strike
1-2: Ball
2-2: Ball
3-2: Foul Ball, location: 5SF
3-2: Fly out, F8 (Flyball, 78M, EV 95.0 MPH)
Batting: LHB Phil Hubbard 0-0: Ball
1-0: Ball
2-0: Called Strike
2-1: Fly out, F3 (Popup, 34, EV 81.3 MPH)
Bottom of the 1st over - 0 runs, 0 hits, 0 errors, 1 left on base; San Diego 0 - Los Angeles 0
TOP OF THE 2ND
San Diego Padres batting - Pitching for Los Angeles Dodgers : RHP Bo Miller
Batting: LHB Raúl Valenzuela 0-0: Ground out 1-3 (Groundball, 34S, EV 71.9 MPH)
Batting: RHB Carlos Núñez 0-0: Called Strike
0-1: SINGLE (Groundball, 5S, EV 66.3 MPH) (infield hit)
Batting: RHB Salvador Reyes 0-0: Called Strike
0-1: Foul Ball, location: 9LSF
0-2: Strikes out swinging
Batting: RHB Francisco Vega 0-0: Ball
1-0: Ball
2-0: Ball
3-0: Called Strike
3-1: Fly out, F8 (Flyball, 8LXD, EV 107.5 MPH)
Top of the 2nd over - 0 runs, 1 hit, 0 errors, 1 left on base; San Diego 0 - Los Angeles 0
BOTTOM OF THE 2ND
Los Angeles Dodgers batting - Pitching for San Diego Padres : RHP Roberto Campos
Batting: RHB Enrique Castillo 0-0: Called Strike
0-1: Ball
1-1: Ball
2-1: Ball
3-1: SINGLE (Groundball, 4MD, EV 101.9 MPH) (infield hit)
Batting: LHB Manny Ortíz 0-0: Called Strike
0-1: Fly out, F8 (Flyball, 78M, EV 85.6 MPH)
Batting: LHB Marcos Miró 0-0: Ball
1-0: Ball
2-0: Called Strike
2-1: Foul Ball, location: 7LSF
2-2: Foul Ball, location: 2F
2-2: Strikes out swinging
Batting: RHB Christian Gibbons 0-0: Swinging Strike
0-1: Ball
1-1: Ball
2-1: Foul Ball, location: 25FF
2-2: Strikes out looking
Bottom of the 2nd over - 0 runs, 1 hit, 0 errors, 1 left on base; San Diego 0 - Los Angeles 0
TOP OF THE 3RD
San Diego Padres batting - Pitching for Los Angeles Dodgers : RHP Bo Miller
Batting: RHB Luis Acevedo 0-0: Ground out 6-3 (Groundball, 6, EV 84.4 MPH)
Batting: RHB Dave Ein 0-0: Foul Ball, location: 2F
0-1: Ball
1-1: Ball
2-1: Ground out 6-3 (Groundball, 6M, EV 88.8 MPH)
Batting: SHB Yusuke Tanaka 0-0: Ball
1-0: Swinging Strike
1-1: Ground out 6-3 (Groundball, 6, EV 86.3 MPH)
Top of the 3rd over - 0 runs, 0 hits, 0 errors, 0 left on base; San Diego 0 - Los Angeles 0
BOTTOM OF THE 3RD
Los Angeles Dodgers batting - Pitching for San Diego Padres : RHP Roberto Campos
Batting: RHB Terry Matos 0-0: Ball
1-0: Called Strike
1-1: Ball
2-1: Ball
3-1: Base on Balls
Batting: RHB Andrés Ortíz 0-0: Called Strike
0-1: Foul Ball, location: 2F
0-2: Foul Ball, location: 2F
0-2: Ball
1-2: Strikes out swinging
Batting: LHB Bradley Richards 0-0: Ball
1-0: Ball
2-0: Foul Ball, location: 5SF
2-1: Ball
3-1: Called Strike
3-2: 2-RUN HOME RUN (Flyball, 9D, EV 101.3 MPH), Distance : 374 ft
Batting: LHB Bill McMillan 0-0: Called Strike
0-1: Ball
1-1: Foul Ball, location: 3SF
1-2: Ball
2-2: Fly out, F3 (Popup, 23F, EV 81.9 MPH)
Batting: LHB Phil Hubbard 0-0: Called Strike
0-1: Ball
1-1: Ground out 4-3 (Groundball, 4, EV 86.9 MPH)
Bottom of the 3rd over - 2 runs, 1 hit, 0 errors, 0 left on base; San Diego 0 - Los Angeles 2
TOP OF THE 4TH
San Diego Padres batting - Pitching for Los Angeles Dodgers : RHP Bo Miller
Batting: LHB Wook-jin Ki 0-0: Ball
1-0: Called Strike
1-1: Ball
2-1: Called Strike
2-2: Strikes out looking
Batting: RHB Jorge Gonzáles 0-0: Ball
1-0: Fly out, F8 (Line Drive, 8LM, EV 108.1 MPH)
Batting: LHB Raúl Valenzuela 0-0: Ball
1-0: Ball
2-0: Ball
3-0: Called Strike
3-1: Fly out, F6 (Popup, 4MD, EV 49.4 MPH)
Top of the 4th over - 0 runs, 0 hits, 0 errors, 0 left on base; San Diego 0 - Los Angeles 2
BOTTOM OF THE 4TH
Los Angeles Dodgers batting - Pitching for San Diego Padres : RHP Roberto Campos
Batting: RHB Enrique Castillo 0-0: Swinging Strike
0-1: Swinging Strike
0-2: Ball
1-2: SINGLE (Groundball, 6MD, EV 105.6 MPH)
Batting: LHB Manny Ortíz 0-0: Fly out, F8 (Flyball, 8LXD, EV 110.6 MPH)
Batting: LHB Marcos Miró 0-0: Ball
1-0: Called Strike
1-1: Foul Ball, location: 2F
1-2: Foul Ball, location: 5FF
1-2: Ball
2-2: Ball
3-2: Base on Balls
Enrique Castillo to second
Batting: RHB Christian Gibbons 0-0: Swinging Strike
0-1: Foul Ball, location: 2F
0-2: Ball
1-2: Strikes out swinging
Batting: RHB Terry Matos 0-0: Foul Ball, location: 9LSF
0-1: Called Strike
0-2: Foul Ball, location: 9LMFF
0-2: Ball
1-2: Ball
2-2: SINGLE (Groundball, 4MD, EV 96.9 MPH)
Enrique Castillo to third
Marcos Miró to second
Runner from 3rd tries for Home, SAFE, throw by CF to home
Batting: RHB Andrés Ortíz 0-0: Ball
1-0: Swinging Strike
1-1: Swinging Strike
1-2: Fielders Choice at 2nd, 6-4 (Groundball, 6, EV 85.0 MPH)
Bottom of the 4th over - 1 run, 2 hits, 0 errors, 2 left on base; San Diego 0 - Los Angeles 3
TOP OF THE 5TH
San Diego Padres batting - Pitching for Los Angeles Dodgers : RHP Bo Miller
Batting: RHB Carlos Núñez 0-0: SOLO HOME RUN (Flyball, 7D, EV 96.3 MPH), Distance : 376 ft
Batting: RHB Salvador Reyes 0-0: Ball
1-0: Ball
2-0: Swinging Strike
2-1: Ball
3-1: Fly out, F4 (Popup, 34, EV 58.8 MPH)
Batting: RHB Francisco Vega 0-0: Called Strike
0-1: Ground out 6-3 (Groundball, 6MD, EV 104.4 MPH)
Batting: RHB Luis Acevedo 0-0: Foul Ball, location: 2F
0-1: Foul Ball, location: 3FF
0-2: Ball
1-2: Fly out, F9 (Flyball, 9, EV 94.4 MPH)
Top of the 5th over - 1 run, 1 hit, 0 errors, 0 left on base; San Diego 1 - Los Angeles 3
BOTTOM OF THE 5TH
Los Angeles Dodgers batting - Pitching for San Diego Padres : RHP Roberto Campos
Batting: LHB Bradley Richards 0-0: Ball
1-0: Ball
2-0: Foul Ball, location: 2LF
2-1: Fly out, F8 (Flyball, 8LXD, EV 78.8 MPH)
Batting: LHB Bill McMillan 0-0: Foul Ball, location: 2F
0-1: Ball
1-1: Foul Ball, location: 3FF
1-2: Fly out, F7 (Flyball, 7, EV 87.5 MPH)
Batting: LHB Phil Hubbard 0-0: Ball
1-0: Swinging Strike
1-1: Ground out 6-3 (Groundball, 6, EV 85.0 MPH)
Bottom of the 5th over - 0 runs, 0 hits, 0 errors, 0 left on base; San Diego 1 - Los Angeles 3
TOP OF THE 6TH
San Diego Padres batting - Pitching for Los Angeles Dodgers : RHP Bo Miller
Batting: RHB Dave Ein 0-0: Called Strike
0-1: Ball
1-1: Ball
2-1: Called Strike
2-2: Ball
3-2: Base on Balls
Batting: SHB Yusuke Tanaka 0-0: Ball
1-0: Called Strike
1-1: Ball
2-1: Fly out, F4 (Line Drive, 4, EV 108.8 MPH)
Batting: LHB Wook-jin Ki 0-0: Called Strike
0-1: Ball
1-1: Fly out, F8 (Flyball, 8LS, EV 93.8 MPH)
Batting: RHB Jorge Gonzáles 0-0: Ball
1-0: Called Strike
1-1: Ball
2-1: Fly out, F9 (Flyball, 9, EV 103.8 MPH)
Top of the 6th over - 0 runs, 0 hits, 0 errors, 1 left on base; San Diego 1 - Los Angeles 3
BOTTOM OF THE 6TH
Los Angeles Dodgers batting - Pitching for San Diego Padres : RHP Roberto Campos
Pitching: RHP Travis Chacón
Batting: RHB Enrique Castillo 0-0: Ball
1-0: Ball
2-0: Called Strike
2-1: Fly out, F8 (Flyball, 8LS, EV 90.0 MPH)
Batting: LHB Manny Ortíz 0-0: Ball
1-0: Foul Ball, location: 23F
1-1: Ball
2-1: Called Strike
2-2: Ball
3-2: Foul Ball, location: 23F
3-2: Foul Ball, location: 2F
3-2: Base on Balls
Batting: LHB Marcos Miró 0-0: Ball
1-0: Called Strike
1-1: Swinging Strike
1-2: Grounds into double play, 4-6-3 (Groundball, 4, EV 83.1 MPH)
Bottom of the 6th over - 0 runs, 0 hits, 0 errors, 0 left on base; San Diego 1 - Los Angeles 3
TOP OF THE 7TH
San Diego Padres batting - Pitching for Los Angeles Dodgers : RHP Bo Miller
Pitching: RHP Lorenzo Crespo
Batting: LHB Raúl Valenzuela 0-0: Foul Ball, location: 7LDF
0-1: Ball
1-1: Fly out, F6 (Line Drive, 4M, EV 68.1 MPH)
Batting: RHB Carlos Núñez 0-0: Ball
1-0: Foul Ball, location: 9LMF
1-1: Ball
2-1: Ball
3-1: Foul Ball, location: 2F
3-2: SOLO HOME RUN (Flyball, 7LD, EV 94.4 MPH), Distance : 353 ft
Pinch Hitting: LHB Pedro Escobar 0-0: Ball
1-0: Ball
2-0: Foul Ball, location: 9LSF
2-1: Called Strike
2-2: Foul Ball, location: 5F
2-2: Ball
3-2: Foul Ball, location: 23F
3-2: Ground out 6-3 (Groundball, 6, EV 105.6 MPH)
Pinch Hitting: SHB Raúl Márquez 0-0: Called Strike
0-1: Called Strike
0-2: Ball
1-2: Ball
2-2: Ball
3-2: Foul Ball, location: 2F
3-2: Base on Balls
Batting: RHB Luis Acevedo 0-0: Called Strike
0-1: Foul Ball, location: 9LMF
0-2: Ground out U3 (Groundball, 3S, EV 84.4 MPH)
Top of the 7th over - 1 run, 1 hit, 0 errors, 1 left on base; San Diego 2 - Los Angeles 3
BOTTOM OF THE 7TH
Los Angeles Dodgers batting - Pitching for San Diego Padres : RHP Travis Chacón
Now at 2B: Jonathan Roehl
Now in CF: Pedro Escobar
Batting: RHB Christian Gibbons 0-0: SINGLE (Groundball, 13, EV 73.1 MPH) (infield hit)
Batting: RHB Terry Matos 0-0: Swinging Strike
0-1: Ball
1-1: Ball
2-1: Foul Ball, location: 3SF
2-2: Foul Ball, location: 9LMFF
2-2: Strikes out swinging
Batting: RHB Andrés Ortíz 0-0: Called Strike
0-1: Swinging Strike
0-2: Foul Ball, location: 25FF
0-2: Foul Ball, location: 3F
0-2: Foul Ball, location: 9LSF
0-2: Foul Ball, location: 9LMF
0-2: Ball
1-2: Ball
2-2: Ball
3-2: Foul Ball, location: 2F
3-2: Single, Error in OF, E7, batter to second base (Line Drive, 78S, EV 103.8 MPH)
Christian Gibbons to third
Pitching: RHP Steve Everhart
Batting: LHB Bradley Richards 0-0: Foul Ball, location: 7LDF
0-1: Ball
1-1: Foul Ball, location: 2F
1-2: Strikes out swinging
Batting: LHB Bill McMillan 0-0: Intentional Walk
Batting: LHB Phil Hubbard 0-0: Ball
1-0: Ball
2-0: Ball
3-0: Called Strike
3-1: Ground out 4-3 (Groundball, 4, EV 86.9 MPH)
Bottom of the 7th over - 0 runs, 2 hits, 1 error, 3 left on base; San Diego 2 - Los Angeles 3
TOP OF THE 8TH
San Diego Padres batting - Pitching for Los Angeles Dodgers : RHP Lorenzo Crespo
Batting: RHB Dave Ein 0-0: Ball
1-0: Ball
2-0: Called Strike
2-1: SINGLE (Line Drive, 9LM, EV 108.8 MPH)
Pitching: RHP Dave Wilson
Batting: SHB Yusuke Tanaka 0-0: Foul Ball, location: 2F
0-1: Fly out, F8 (Flyball, 8LD, EV 82.5 MPH)
Batting: LHB Wook-jin Ki 0-0: Ball
1-0: Foul Ball, location: 3SF
1-1: Ball
2-1: Called Strike
2-2: Foul Ball, location: 7LSF
2-2: Fielders Choice at 2nd, 3-6 (Groundball, 34, EV 102.5 MPH)
Batting: RHB Jorge Gonzáles 0-0: Ball
1-0: Ball
Wook-jin Ki is caught stealing 2nd base 2-4
Top of the 8th over - 0 runs, 1 hit, 0 errors, 0 left on base; San Diego 2 - Los Angeles 3
BOTTOM OF THE 8TH
Los Angeles Dodgers batting - Pitching for San Diego Padres : RHP Steve Everhart
Batting: RHB Enrique Castillo 0-0: Ball
1-0: Called Strike
1-1: Fly out, F9 (Flyball, 9D, EV 104.4 MPH)
Batting: LHB Manny Ortíz 0-0: Swinging Strike
0-1: Fly out, F8 (Line Drive, 8RD, EV 87.5 MPH)
Batting: LHB Marcos Miró 0-0: Ball
1-0: Ball
2-0: TRIPLE (Line Drive, 78XD, EV 107.5 MPH)
Batting: RHB Christian Gibbons 0-0: Ball
1-0: Ball
2-0: Foul Ball, location: 2F
2-1: SINGLE (Line Drive, 8LS, EV 89.4 MPH)
Marcos Miró scores
Batting: RHB Terry Matos 0-0: Called Strike
0-1: SINGLE (Line Drive, 4D, EV 66.3 MPH)
Christian Gibbons to second
Runner from 2nd tries for 3rd, SAFE, throw by RF made to third
Batting: RHB Andrés Ortíz 0-0: Ball
1-0: Called Strike
1-1: Foul Ball, location: 2F
1-2: Ball
2-2: Strikes out swinging
Bottom of the 8th over - 1 run, 3 hits, 0 errors, 2 left on base; San Diego 2 - Los Angeles 4
TOP OF THE 9TH
San Diego Padres batting - Pitching for Los Angeles Dodgers : RHP Dave Wilson
Now in LF: Enrique Pérez
Batting: RHB Jorge Gonzáles 0-0: Ball
1-0: Ball
2-0: Called Strike
2-1: Swinging Strike
2-2: Strikes out swinging
Batting: LHB Raúl Valenzuela 0-0: Called Strike
0-1: Fly out, F8 (Flyball, 8LM, EV 78.8 MPH)
Batting: RHB Carlos Núñez 0-0: Called Strike
0-1: Hit by Pitch
Batting: LHB Pedro Escobar 0-0: Foul Ball, location: 2F
0-1: Fly out, F7 (Flyball, 7D, EV 105.0 MPH)
Top of the 9th over - 0 runs, 0 hits, 0 errors, 1 left on base; San Diego 2 - Los Angeles 4
Saturday, February 10th , 2024 - OOTP Baseball 24.10 Build 82